 Dungeon Crawl Stone Soup version 0.26-a0-50-gc4d14cd (webtiles) character file.

Game seed: 12217647030700535840

129 silenth the Chucker (level 5, -2/46 HPs)
             Began as a Hill Orc Hunter on June 5, 2020.
             Slain by Edmund
             ... wielding a +6 vorpal dire flail
              (5 damage)
             ... on level 4 of the Dungeon.
             The game lasted 00:03:10 (4196 turns).

silenth the Chucker (Hill Orc Hunter)               Turns: 4196, Time: 00:03:10

Health: -2/46      AC:  4    Str: 16    XL:     5   Next: 12%
Magic:  5/5        EV: 11    Int: 11    God:
Gold:   85         SH:  0    Dex: 11    Spells: 4/4 levels left

rFire    . . .     SeeInvis .   a - +0 short sword
rCold    . . .     Gourm    .   (no shield)
rNeg     . . .     Faith    .   b - +1 leather armour
rPois    .         Spirit   .   (no helmet)
rElec    .         Reflect  .   (no cloak)
rCorr    .         Harm     .   (no gloves)
MR       .....                  (no boots)
Stlth    +.........             (no amulet)
HPRegen  0.15/turn              (no ring)
MPRegen  0.09/turn              (no ring)

@: no status effects
A: no striking features
a: no special abilities


You were on level 4 of the Dungeon.
You were near starving.

You visited 1 branch of the dungeon, and saw 4 of its levels.

You collected 85 gold pieces.

Inventory:

Hand Weapons
 a - a +0 short sword (weapon)
Armour
 b - a +1 leather armour (worn)
Potions
 f - a potion of cancellation
 j - a potion of flight
Comestibles
 e - 6 rations


   Skills:
 + Level 4.0 Fighting
 * Level 5.1 Throwing
 - Level 1.5 Dodging
 - Level 0.7 Stealth


You had 4 spell levels left.
You didn't know any spells.
Your spell library was empty.

Dungeon Overview and Level Annotations

Branches:
Dungeon (4/15)
 Temple: D:4-7

Altars:
Xom

Annotations:
D:4 Edmund


Message History

Edmund struggles against the net.
Edmund struggles against the net.
You hit Edmund but do no damage.
Edmund is heavily wounded.
Edmund struggles against the net.
The net rips apart, and Edmund comes free!
You hit Edmund but do no damage.
Edmund is heavily wounded.
Edmund barely misses you.
You hit Edmund.
Edmund is severely wounded.
Edmund barely misses you.
You barely miss Edmund.
Edmund is severely wounded.
Edmund hits you with a +6 vorpal dire flail!
You closely miss Edmund.
Edmund is severely wounded.
Edmund hits you with a +6 vorpal dire flail!
* * * LOW HITPOINT WARNING * * *
You die...

#......
#.#####
######## #.#
#......# #(#
#.####.# #.#
#.# #.# #.#
#.# #.# #.#
#.####<# #.#
#..@.### #.#
####@# #.#
#(# #.# #(#
#.# #.# #.#
#.#########.#
#...........#
###########.#
###


You could see Edmund.

Vanquished Creatures
  A centaur skeleton (D:4)
  2 adders
  2 oozes
  3 worms
  An adder skeleton (D:4)
  3 dart slugs
  3 leopard geckos
  A ball python (D:2)
  4 goblins
  8 hobgoblins
  A quokka (D:3)
  9 bats
  2 frilled lizards
  5 kobolds
  8 rats
53 creatures vanquished.

Notes
Turn   | Place    | Note
-------+----------+-------------------------------------------
     0 | D:1      | silenth the Hill Orc Hunter began the quest for the Orb.
     0 | D:1      | Reached XP level 1. HP: 18/18 MP: 1/1
   544 | D:1      | Reached XP level 2. HP: 16/25 MP: 2/2
   711 | D:1      | Reached skill level 4 in Throwing
   954 | D:1      | Reached skill level 3 in Fighting
  1114 | D:1      | Reached XP level 3. HP: 28/31 MP: 3/3
  2293 | D:2      | Reached XP level 4. HP: 7/38 MP: 4/4
  4008 | D:3      | Found a shimmering altar of Xom.
  4139 | D:4      | Reached skill level 4 in Fighting
  4139 | D:4      | Reached skill level 5 in Throwing
  4139 | D:4      | Reached XP level 5. HP: 20/46 MP: 5/5
  4141 | D:4      | Noticed Edmund
  4196 | D:4      | HP: 3/46 [Edmund/+6 vorpal dire flail (14)]
  4196 | D:4      | Slain by Edmund

Illustrated notes

Levels and vault maps discovered:
D:1:      minmay_arrival_loop, layout_basic
D:2:      layout_basic, nrook_mini_vaults, chequers_serial_rivers_micro_c
D:3:      layout_basic, lemuel_round_altar, first_ration, serial_aquarium,
          aquarium_bridge_straight [aquarium_subvault_bridge,
          aquarium_subvault_window, aquarium_subvault_bridge,
          aquarium_subvault_balcony], aquarium_window_1,
          aquarium_window_corridor_3, aquarium_view_2f
D:4:      layout_basic, uniq_edmund

Skill      XL: |  1  2  3  4 |
---------------+-------------+-----
Throwing       | 4 5 |  5.1
Fighting       | 3 4 |  4.0
Dodging        | |  1.5
Stealth        | |  0.7

Action                   |  1- 3 |  4- 6 || total
-------------------------+-------+-------++-------
Melee: Short sword       |   111 |    83 ||   194
Throw: Javelin           |     8 |     8 ||    16
       Throwing net      |       |     2 ||     2
  Use: Scroll            |     1 |     3 ||     4
       Potion            |       |     2 ||     2
 Stab: Sleeping          |       |     3 ||     3
  Eat: Chunk             |     2 |     3 ||     5
       Ration            |     1 |       ||     1
Armor: Leather armour    |    25 |    19 ||    44
Dodge: Dodged            |    76 |    41 ||   117

Table legend:
 A = Non-vault XP
 B = Vault XP
 C = Vault XP percentage of total XP
 D = Non-vault monster count
 E = Vault monster count
 F = Vault count percentage of total count
                 A         B        C        D         E       F
            +---------+---------+-------+---------+---------+-------
      Total |     185 |       0 |   0.0 |      53 |       0 |   0.0
            +---------+---------+-------+---------+---------+-------
        D:1 |      34 |       0 |   0.0 |      16 |       0 |   0.0
        D:2 |      65 |       0 |   0.0 |      24 |       0 |   0.0
        D:3 |      39 |       0 |   0.0 |      11 |       0 |   0.0
        D:4 |      47 |       0 |   0.0 |       2 |       0 |   0.0
            +---------+---------+-------+---------+---------+-------
